 Dungeon Crawl Stone Soup version 0.20.1-1-g8b1a95d (webtiles) character file.

40625 empire the Carver (level 13, -6/178 HPs)
             Began as a Minotaur Fighter on July 11, 2017.
             Was a High Priest of Nemelex Xobeh.
             Mangled by a two-headed ogre
             ... wielding a +0 giant spiked club
              (10 damage)
             ... on level 2 of the Orcish Mines.
             The game lasted 01:07:48 (19538 turns).

empire the Carver (Minotaur Fighter)               Turns: 19538, Time: 01:07:50

Health: -6/178     AC: 26    Str: 28    XL:     13   Next: 75%
Magic:  17/17      EV:  2    Int:  3    God:    Nemelex Xobeh [*****.]
Gold:   2135       SH: 13    Dex: 13    Spells: 12/12 levels left

rFire    . . .     SeeInvis +   a - +2 double sword
rCold    . . .     Gourm    .   c - +0 shield
rNeg     + + +     Faith    +   (armour currently unavailable)
rPois    +         Spirit   .   (helmet currently unavailable)
rElec    .         Reflect  .   (cloak currently unavailable)
rCorr    .         Harm     .   (gloves currently unavailable)
MR       .....     NoTele   +   (boots currently unavailable)
Stlth    +.........             B - amulet of faith
Regen    0.4/turn               d - +2 ring of strength
MPRegen  0.2/turn               x - +3 ring of strength

@: tree-form, very slightly contaminated, invisible
A: (retaliatory headbutt), rugged brown scales 1, see invisible, dopey 1
a: Triple Draw, Deal Four, Stack Five, Renounce Religion


You were on level 2 of the Orcish Mines.
You worshipped Nemelex Xobeh.
Nemelex Xobeh was extremely pleased with you.
You were very hungry.
You were a tree.
You visited 3 branches of the dungeon, and saw 18 of its levels.
You also visited: Ice Cave.

You collected 2471 gold pieces.
You spent 336 gold pieces at shops.

Inventory:

Hand Weapons
 a - a +2 double sword (weapon)
 b - a +3 scimitar of flaming
Armour
 c - a +0 shield (worn)
 E - a +1 pair of gloves (melded)
 F - a cursed +0 pair of boots (melded)
 K - +1 storm dragon scales (melded)
 O - a +2 hat (melded)
Jewellery
 d - a +2 ring of strength (left branch)
 x - a +3 ring of strength (right branch)
 B - an amulet of faith (around neck)
Wands
 t - a wand of lightning (8/15)
 v - a wand of clouds (7/9)
 I - a wand of flame (43/48)
 J - a wand of flame (24/48)
 P - a wand of iceblast (2/15)
 X - a wand of paralysis (6/24)
Scrolls
 e - 9 scrolls of teleportation
 j - 5 scrolls of blinking
 m - 14 scrolls of remove curse
 n - a scroll of acquirement {unknown}
 q - a scroll of immolation
 s - 3 scrolls of fear
 z - a scroll of fog
 A - a scroll of brand weapon {unknown}
Potions
 w - 4 potions of cancellation
 S - 2 potions of resistance
 T - a potion of experience {unknown}
 U - a potion of flight {unknown}
 V - a potion of agility {unknown}
 Y - 2 potions of curing
Miscellaneous
 g - a legendary deck of summoning {drawn: 7}
 i - an ornate deck of destruction {drawn: 6}
 y - a legendary deck of escape
 G - an ornate deck of escape
 L - an ornate deck of destruction
 M - an ornate deck of escape
 Q - a phantom mirror
 Z - a lamp of fire (inert)
Comestibles
 f - 14 bread rations
 p - 4 fruits
 u - 5 royal jellies
 C - 12 meat rations


   Skills:
 + Level 11.3 Fighting
 * Level 14.9 Long Blades
 + Level 11.7 Armour
 + Level 10.2 Dodging
 + Level 11.4 Shields
 + Level 7.3 Invocations
 + Level 4.5 Evocations


You had 12 spell levels left.
You didn't know any spells.

Dungeon Overview and Level Annotations

Branches:
Dungeon (15/15)            Temple (1/1) D:7            Lair (0/6) D:11
    Orc (2/2) D:10            Elf (0/3) Orc:2        Vaults (0/5) D:13
 Depths: D:15

Altars:
Ashenzari
Cheibriados
Dithmenos
Elyvilon
Fedhas
Gozag
Hepliaklqana
Kikubaaqudgha
Makhleb
Nemelex Xobeh
Okawaru
Qazlal
Ru
Sif Muna
Trog
Uskayaw
Vehumet
Xom
Yredelemnul
Zin
The Shining One

Shops:
D:8 !   D:11 :

Annotations:
D:6 exclusion: oklob plant


Innate Abilities, Weirdness & Mutations

((You reflexively headbutt those who attack you in melee.))
((You have a pair of horns on your head.))
(You are partially covered in rugged brown scales. (AC +1, +3% HP))
You have supernaturally acute eyesight. (SInv)
You are dopey. (Int -2)
((Your system is resistant to poisons. (rPois)))


Message History

You fade into invisibility!
The killer bee stings you but does no damage.
Your killer bee stings the two-headed ogre but does no damage.
Your yaktaur hits the two-headed ogre!!
The two-headed ogre dies!
You block the two-headed ogre's attack.
The two-headed ogre hits you with a giant club!
* * * LOW HITPOINT WARNING * * *
The killer bee stings you but does no damage.
Your killer bee stings the two-headed ogre.
You are very lightly contaminated with residual magic.
Evoke which item? (* to show all) (? for menu, Esc to quit)
You draw a card...
It is the Pentagram.
The killer bee stings you but does no damage.
Your killer bee barely misses the two-headed ogre.
The ogre hits Doyp with a giant spiked club!
The two-headed ogre barely misses you.
The two-headed ogre hits you with a giant club!
You die...
Your body disappears without a glow.

.#....#.#. .....#...#
##### ..#.##..## #)<.#
.........# #≈≈≈#
.........# #..†#
........## #####.).#
....##...###..###c###
..........#...#y8c8.#
...........#..#O♣&O.#
..............##Oy2## .
.......##.....###O##....
.......#...#....OOOO.....
......###..#......O)#....
......##..........)......
..............#.........
..............#..........
...#................$#...


You could see a green death, 4 two-headed ogres, 3 ogres, a killer bee, the
friendly Doyp, 2 friendly yaktaurs and a friendly killer bee.

Vanquished Creatures
  An ogre mage (Orc:2)
  9 two-headed ogres
  A wizard (D:13)
  A necromancer (IceCv)
  2 unseen horrors (D:12)
  An orc knight (Orc:2)
  A mana viper (D:11)
  3 ugly things
  A wolf spider zombie (D:14)
  2 cyclopes (D:11)
  A guardian serpent (D:14)
  3 ice statues (IceCv)
  A gargoyle (D:11)
  A kobold demonologist (D:13)
  A yaktaur (shapeshifter) (D:14)
  The ghost of YrmMerkstave the Cutter, a novice KoMo (D:6)
  6 ice devils (IceCv)
  7 trolls
  A tyrant leech (D:11)
  2 hippogriffs
  A slime creature (D:10)
  Sigmund (D:4)
  A spriggan (D:10)
  A shadow (D:14)
  A wraith (D:14)
  2 wyverns (D:12)
  17 yaks
  A fire elemental (Orc:2)
  2 steam dragons
  3 basilisks
  Menkaure (D:4)
  3 vampire mosquitoes (D:14)
  5 swamp worms (D:8)
  A soldier ant (D:11)
  5 hell hounds
  2 black bears (D:6)
  6 ice beasts
  16 orc warriors
  A meliai simulacrum (D:14)
  7 sky beasts
  4 phantoms
  A necrophage (D:10)
  12 ogres
  A boggart (Orc:2)
  4 centaurs
  4 big kobolds
  7 bullfrogs
  A wyvern skeleton (D:9)
  2 gnoll sergeants (D:10)
  11 killer bees
  9 scorpions
  5 wights (D:7)
  4 howler monkeys
  11 crimson imps
  3 centaur zombies
  2 draconian simulacra (IceCv)
  7 jellies
  2 quasits
  3 bullfrog skeletons
  5 centaur skeletons
  20 orc priests
  6 hounds
  11 orc wizards
  13 worker ants
  8 iguanas
  2 spriggan simulacra (IceCv)
  A troll simulacrum (IceCv)
  A centaur simulacrum (IceCv)
  2 hound zombies
  2 hound skeletons
  2 worker ant zombies
  Robin (D:4)
  4 gnolls (D:10)
  A howler monkey skeleton (D:8)
  2 naga simulacra (IceCv)
  16 adders
  2 ogre simulacra (IceCv)
  2 shadow imps
  2 oozes (D:6)
  2 adder skeletons
  14 worms
  3 dart slugs
  8 leopard geckos
  83 orcs
  8 bats
  8 giant cockroaches
  13 goblins
  13 hobgoblins
  10 jackals
  25 kobolds
  6 quokkas
  6 frilled lizards
  5 rats
  A plant (D:11)
524 creatures vanquished.

Vanquished Creatures (collateral kills)
  An orc warlord (Orc:2)
  Azrael (D:14)
  2 ogre magi (Orc:2)
  2 two-headed ogres
  2 orc knights (Orc:2)
  3 ugly things (D:14)
  2 swamp worms (D:8)
  3 wargs (Orc:2)
  2 hell hounds (D:14)
  16 orc warriors (Orc:2)
  4 ogres (Orc:2)
  A centaur (D:14)
  3 killer bees (D:8)
  4 orc priests (Orc:2)
  4 orc wizards (Orc:2)
  An iguana (Orc:2)
  An adder (Orc:2)
  15 orcs (Orc:2)
67 creatures vanquished.

Vanquished Creatures (others)
  An orc warrior (Orc:2)
  2 orc priests (Orc:2)
  3 orc wizards
  A worker ant (Orc:2)
  3 ball lightnings (Orc:2)
  6 orcs (Orc:2)
  A fire vortex (Orc:2)
  3 plants
20 creatures vanquished.

Grand Total: 611 creatures vanquished

Notes
Turn   | Place    | Note
-------+----------+-------------------------------------------
     0 | D:1      | empire the Minotaur Fighter began the quest for the Orb.
     0 | D:1      | Reached XP level 1. HP: 19/19 MP: 0/0
   111 | D:1      | Reached XP level 2. HP: 27/27 MP: 1/1
   529 | D:1      | Reached XP level 3. HP: 16/33 MP: 2/2
   920 | D:1      | Reached skill level 3 in Long Blades
  1062 | D:2      | Found a white marble altar of Elyvilon.
  1155 | D:2      | Found a faded altar of an unknown god.
  1256 | D:2      | Found a shadowy altar of Dithmenos.
  1435 | D:2      | Reached skill level 1 in Dodging
  1498 | D:2      | Reached XP level 4. HP: 40/40 MP: 3/3
  1890 | D:3      | Reached XP level 5. HP: 30/47 MP: 4/4
  2148 | D:3      | Reached skill level 4 in Long Blades
  2498 | D:3      | Reached skill level 5 in Shields
  2615 | D:4      | Reached XP level 6. HP: 41/53 MP: 5/5
  2694 | D:4      | Noticed Robin
  2719 | D:4      | Reached skill level 5 in Fighting
  2728 | D:4      | Reached skill level 5 in Long Blades
  2729 | D:4      | Killed Robin
  2936 | D:4      | Found an ancient bone altar of Kikubaaqudgha.
  2955 | D:4      | Noticed Menkaure
  2965 | D:4      | Killed Menkaure
  2965 | D:4      | Reached skill level 5 in Armour
  2965 | D:4      | Reached XP level 7. HP: 21/61 MP: 6/6
  3344 | D:4      | Noticed Sigmund
  3355 | D:4      | Killed Sigmund
  3355 | D:4      | Reached skill level 6 in Long Blades
  3825 | D:5      | Entered Level 5 of the Dungeon
  3835 | D:5      | Reached XP level 8. HP: 56/70 MP: 7/7
  4011 | D:5      | Reached skill level 7 in Long Blades
  4371 | D:5      | Found a hide-covered altar of Uskayaw.
  4378 | D:5      | Found a basalt altar of Yredelemnul.
  4383 | D:5      | Found a deep blue altar of Sif Muna.
  4904 | D:6      | Reached skill level 8 in Long Blades
  4940 | D:6      | Found a snail-covered altar of Cheibriados.
  4940 | D:6      | Noticed an oklob plant
  4956 | D:6      | Reached XP level 9. HP: 78/78 MP: 8/8
  5123 | D:6      | Noticed YrmMerkstave's ghost (novice KoMo)
  5162 | D:6      | Killed YrmMerkstave's ghost
  5229 | D:6      | Reached skill level 5 in Dodging
  5269 | D:6      | Reached skill level 9 in Long Blades
  6004 | D:7      | HP: 3/79 [orc priest/divine providence (14)]
  6719 | D:7      | Found a staircase to the Ecumenical Temple.
  6728 | Temple   | Entered the Ecumenical Temple
  7007 | D:7      | Reached skill level 10 in Long Blades
  7086 | D:7      | Found a sparkling altar of Nemelex Xobeh.
  7107 | D:7      | Became a worshipper of Nemelex Xobeh the Trickster
  7112 | D:7      | Got a smoking ring mail
  7122 | D:7      | Received a gift from Nemelex Xobeh
  7220 | D:8      | Found Hiodynk's Distillery.
  7223 | D:8      | Bought a potion of curing for 42 gold pieces
  7223 | D:8      | Bought a potion of mutation for 112 gold pieces
  7223 | D:8      | Bought a potion of heal wounds for 70 gold pieces
  7223 | D:8      | Bought a potion of magic for 112 gold pieces
  7304 | D:8      | Reached skill level 1 in Invocations
  7304 | D:8      | Reached XP level 10. HP: 68/88 MP: 9/9
  7872 | D:8      | Reached * piety under Nemelex Xobeh
  7872 | D:8      | Received a gift from Nemelex Xobeh
  7874 | D:8      | Noticed a two-headed ogre
  7886 | D:8      | Killed a two-headed ogre
  8269 | D:8      | HP: 2/89 [swamp worm (12)]
  8283 | D:8      | HP: 3/89 [swamp worm (18)]
  8657 | D:8      | Identified the Volume of the Ego
  9299 | D:9      | Noticed a two-headed ogre
  9312 | D:9      | HP: 3/135 [two-headed ogre/giant club (7)]
  9313 | D:9      | Killed a two-headed ogre
  9313 | D:9      | Reached skill level 11 in Long Blades
  9841 | D:9      | Gained mutation: You are dopey. (Int -2) [mutagenic meat]
  9842 | D:9      | Gained mutation: Your system is resistant to poisons. (rPois) [mutagenic meat]
  9845 | D:9      | Gained mutation: You have supernaturally acute eyesight. (SInv) [mutagenic meat]
  9846 | D:9      | Gained mutation: You are partially covered in rugged brown scales. (AC +1, +3% HP) [mutagenic meat]
  9979 | D:9      | Received a gift from Nemelex Xobeh
 10003 | D:9      | Found a radiant altar of Vehumet.
 10184 | D:9      | Reached ** piety under Nemelex Xobeh
 10232 | D:9      | Reached XP level 11. HP: 47/97 MP: 12/12
 10675 | D:9      | Received a gift from Nemelex Xobeh
 10843 | D:10     | Entered Level 10 of the Dungeon
 11073 | D:10     | Found a staircase to the Orcish Mines.
 11389 | D:10     | Received a gift from Nemelex Xobeh
 11476 | D:10     | Found a glowing silver altar of Zin.
 11522 | D:10     | Reached skill level 12 in Long Blades
 11946 | D:10     | Noticed a cyan ugly thing
 11953 | D:10     | Killed a cyan ugly thing
 11987 | D:10     | Reached *** piety under Nemelex Xobeh
 12436 | D:11     | Found Kameawae's Book Emporium.
 12436 | D:11     | Noticed a four-headed hydra
 12460 | D:11     | a five-headed hydra changed into a tyrant leech
 12460 | D:11     | Noticed a mana viper
 12460 | D:11     | a manticore changed into a mana viper
 12476 | D:11     | Killed a mana viper
 12560 | D:11     | Found a staircase to the Lair.
 12646 | D:11     | Received a gift from Nemelex Xobeh
 12795 | D:11     | Reached skill level 10 in Armour
 12995 | D:11     | Noticed a two-headed ogre
 13003 | D:11     | Killed a two-headed ogre
 13003 | D:11     | Reached skill level 10 in Shields
 13003 | D:11     | Reached XP level 12. HP: 109/109 MP: 14/14
 13092 | D:11     | Reached skill level 5 in Invocations
 13375 | D:12     | Reached skill level 13 in Long Blades
 13474 | D:12     | Received a gift from Nemelex Xobeh
 14423 | D:12     | Reached skill level 1 in Evocations
 14495 | D:12     | Reached **** piety under Nemelex Xobeh
 14495 | D:12     | Received a gift from Nemelex Xobeh
 14661 | D:12     | Reached skill level 10 in Fighting
 14807 | D:12     | Noticed a two-headed ogre
 14814 | D:12     | Killed a two-headed ogre
 15152 | D:13     | Received a gift from Nemelex Xobeh
 15221 | D:13     | Noticed a two-headed ogre
 15228 | D:13     | Killed a two-headed ogre
 15327 | D:13     | Found a gate to the Vaults.
 15327 | D:13     | Noticed a two-headed ogre
 15330 | D:13     | Killed a two-headed ogre
 15602 | D:13     | Found a glowing golden altar of the Shining One.
 15868 | D:13     | Reached ***** piety under Nemelex Xobeh
 15869 | D:13     | Received a gift from Nemelex Xobeh
 16252 | D:14     | Noticed a two-headed ogre
 16255 | D:14     | Killed a two-headed ogre
 16307 | D:14     | Found a labyrinth entrance.
 16411 | D:14     | Reached skill level 14 in Long Blades
 16416 | D:14     | Noticed Azrael
 16418 | D:14     | Found a frozen archway.
 16432 | D:14     | Reached XP level 13. HP: 84/117 MP: 16/16
 16468 | D:14     | Killed Azrael
 16530 | IceCv    | Entered an ice cave
 17308 | IceCv    | Got a shadowed robe
 17311 | IceCv    | Identified the +1 robe of Trial and Error {Int+4} (You found it in an ice cave)
 18017 | D:15     | Entered Level 15 of the Dungeon
 18164 | D:14     | Received a gift from Nemelex Xobeh
 18526 | Orc:1    | Entered Level 1 of the Orcish Mines
 18528 | Orc:1    | Found a bloodstained altar of Trog.
 18812 | Orc:2    | Entered Level 2 of the Orcish Mines
 18812 | Orc:2    | Found a staircase to the Elven Halls.
 18812 | Orc:2    | Received a gift from Nemelex Xobeh
 18936 | Orc:2    | Noticed an orc warlord
 18957 | Orc:2    | Killed an orc warlord
 18957 | Orc:2    | Reached skill level 10 in Dodging
 19418 | Orc:2    | Found a deep blue altar of Sif Muna.
 19533 | Orc:2    | Paralysed by an ogre mage for 2 turns
 19537 | Orc:2    | HP: 4/178 [two-headed ogre/giant spiked club (10)]
 19538 | Orc:2    | Noticed a green death
 19538 | Orc:2    | Mangled by a two-headed ogre

Skill      XL: |  1  2  3  4  5  6  7  8  9 10 11 12 13 |
---------------+----------------------------------------+-----
Fighting       | 4 5 6 8 9 10 11 | 11.3
Shields        | 4 5 6 7 8 10 11 | 11.4
Long Blades    | 3 4 5 6 8 10 11 12 14 | 14.9
Armour         | 4 5 6 7 9 10 11 | 11.7
Dodging        | 1 2 3 4 5 7 8 9 10 | 10.2
Invocations    | 1 3 4 6 7 |  7.3
Evocations     | 3 4 |  4.5

Action                   |  1- 3 |  4- 6 |  7- 9 | 10-12 | 13-15 || total
-------------------------+-------+-------+-------+-------+-------++-------
Melee: Long sword        |   132 |   219 |   470 |   481 |       ||  1302
       Headbutt          |    13 |    34 |    91 |   239 |    57 ||   434
       Double sword      |       |       |       |   349 |   121 ||   470
       Scimitar          |       |       |       |       |    82 ||    82
Evoke: Deck              |       |       |       |    10 |    59 ||    69
       Wand              |       |       |       |     3 |     2 ||     5
       Lamp of fire      |       |       |       |       |     1 ||     1
  Use: Potion            |       |     2 |     5 |     6 |     3 ||    16
       Scroll            |       |       |     6 |    17 |     9 ||    32
 Stab: Distracted        |       |       |       |       |     1 ||     1
  Eat: Chunk             |     1 |     6 |    13 |    35 |     8 ||    63
       Fruit             |       |       |     1 |     1 |     1 ||     3
Armor: Scale mail        |    46 |       |       |       |       ||    46
       Storm dragon scal |     8 |   152 |   173 |   312 |    47 ||   692
       Skin              |       |       |    56 |     1 |    17 ||    74
Dodge: Dodged            |    41 |    73 |   105 |   281 |    58 ||   558
Block: Shield            |    90 |   124 |   226 |   498 |   102 ||  1040
       Rpst.: Long sword |    15 |    13 |    28 |    30 |       ||    86
       Double sword      |       |       |       |    27 |    10 ||    37
       Scimitar          |       |       |       |       |     4 ||     4
